 Dungeon Crawl Stone Soup version 0.19-a0-1888-g6ba2374 (webtiles) character file.

632 Naow the Chopper (level 7, 0/52 HPs)
             Began as a Formicid Fighter on Oct 17, 2016.
             Was a Priest of Ru.
             Slain by Pikel
             ... wielding a +1 whip of freezing
              (3 damage)
             ... on level 5 of the Dungeon.
             The game lasted 00:05:20 (3197 turns).

Naow the Chopper (Formicid Fighter)                 Turns: 3197, Time: 00:05:22

Health: 0/52       AC: 11    Str: 23    XL:     7   Next: 78%
Magic:  7/7        EV:  6    Int:  7    God:    Ru [***...]
Gold:   326        SH:  0    Dex: 10    Spells: 0 memorised, 6 levels left

rFire  . . .     SeeInvis +     a - +0 war axe
rCold  . . .     Gourm    .     t - +0 plate armour
rNeg   . . .     Faith    .     (shield unavailable)
rPois  .         Spirit   .     (helmet unavailable)
rElec  .         Dismiss  .     (no cloak)
rCorr  +         Reflect  .     (no gloves)
MR     .....     Harm     .     (no boots)
Stlth  ..........               (no amulet)
                                m - ring of resist corrosion
                                (ring unavailable)

@: drained
A: permanent stasis, dig shafts and tunnels, four strong arms, antennae 3,
missing a hand
a: Dig, Shaft Self, Draw Out Power, Renounce Religion


You were on level 5 of the Dungeon.
You worshipped Ru.
Ru was most pleased with you.
You were not hungry.

You visited 1 branch of the dungeon, and saw 5 of its levels.

You collected 326 gold pieces.

Inventory:

Hand Weapons
 a - a +0 war axe (weapon)
Armour
 b - a +0 scale mail
 c - a +0 shield
 t - a +0 plate armour (worn)
Jewellery
 l - an uncursed ring of positive energy
 m - a ring of resist corrosion (right hand)
 p - an uncursed ring of protection from cold
Scrolls
 d - a scroll of random uselessness {unknown}
 e - 5 scrolls of identify {unknown}
 g - 2 scrolls of enchant weapon {unknown}
 h - a scroll of magic mapping {unknown}
 i - a scroll of recharging {unknown}
 k - 5 scrolls of teleportation {unknown}
 n - 3 scrolls of remove curse {unknown}
 o - 5 scrolls of enchant armour {unknown}
 r - 2 scrolls of amnesia {unknown}
 s - 4 scrolls of fog {unknown}
Potions
 w - 2 potions of degeneration {unknown}
 x - a potion of heal wounds {unknown}
 z - a potion of curing {unknown}
Comestibles
 f - 4 bread rations
 j - a slice of pizza
 q - 2 fruits
 u - 3 beef jerkies
 v - 10 chunks of flesh


   Skills:
 - Level 3.3(3.0) Fighting
 + Level 6.7(6.4) Axes
 - Level 3.3(3.0) Armour
   Level 0.0 Shields


You had 6 spell levels left.
You didn't know any spells.

Dungeon Overview and Level Annotations

Branches:
Dungeon (5/15)
 Temple: D:4-7

Altars:
Elyvilon
Qazlal
Ru

Annotations:
D:5 Pikel


Innate Abilities, Weirdness & Mutations

You are under a permanent stasis effect.
You can dig through walls and to a lower floor.
Your four strong arms can wield two-handed weapons with a shield.
You have a pair of large antennae on your head. (SInv)
You are missing a hand.


Message History

You slash Pikel!
Pikel is almost dead.
You hit the slave but do no damage. You closely miss the slave. x2
The slave barely misses you. The slave hits you.
* * * LOW HITPOINT WARNING * * *
Pikel is stunned by your will and fails to attack.
The slave hits you but does no damage. x2
You barely miss Pikel.
Pikel is almost dead.
You hit the slave. You closely miss the slave. You hit the slave.
You feel less exhausted. The slave hits you but does no damage.
Pikel says, "I knew I should've brought a map."
Pikel hits you but does no damage. The slave barely misses you.
The slave hits you.
* * * LOW HITPOINT WARNING * * *
Pikel hits you with a whip of freezing.
* * * LOW HITPOINT WARNING * * *
Pikel freezes you.
You die...

#.# #.# .. ##.# .
..####...#####..
...#............ ##.
#....##........ ###..
#....p[...... ##...#
#....@K...... .....###
##...pp......
#...######........... #
#........#...........
.###...##...............
....)).#####............
....8..# ##.......).....
......####..............
.......##..............


You could see Pikel and 3 slaves.

Vanquished Creatures
  Sigmund (D:3)
  A slave (D:5)
  A scorpion (D:4)
  2 orc priests
  A hound (D:4)
  2 orc wizards (D:4)
  2 worker ants (D:4)
  Terence (D:3)
  A hound skeleton (D:4)
  4 gnolls
  4 adders
  An ooze (D:4)
  An adder skeleton (D:4)
  2 worms
  2 dart slugs
  5 leopard geckos
  14 orcs
  4 giant cockroaches
  4 goblins
  7 hobgoblins
  4 jackals (D:1)
  8 kobolds
  A quokka (D:3)
  3 ball pythons
  8 bats
  5 frilled lizards
  13 rats
102 creatures vanquished.

Notes
Turn   | Place    | Note
-------+----------+-------------------------------------------
     0 | D:1      | Naow the Formicid Fighter began the quest for the Orb.
     0 | D:1      | Reached XP level 1. HP: 18/18 MP: 1/1
   110 | D:1      | Reached XP level 2. HP: 23/24 MP: 2/2
   290 | D:1      | Reached XP level 3. HP: 24/29 MP: 3/3
   554 | D:1      | Reached skill level 3 in Axes
   785 | D:2      | Reached XP level 4. HP: 34/35 MP: 4/4
   915 | D:2      | Found a sacrificial altar of Ru.
   931 | D:2      | Became a worshipper of Ru the Awakened
  1149 | D:2      | Reached skill level 5 in Shields
  1232 | D:2      | Found a faded altar of an unknown god.
  1232 | D:2      | Found a faded altar of an unknown god.
  1237 | D:2      | Found a faded altar of an unknown god.
  1239 | D:2      | Found a faded altar of an unknown god.
  1240 | D:2      | Found a stormy altar of Qazlal.
  1478 | D:3      | Found a white marble altar of Elyvilon.
  1512 | D:3      | Reached XP level 5. HP: 28/41 MP: 5/5
  1579 | D:3      | Noticed Terence
  1590 | D:3      | Killed Terence
  1635 | D:3      | Noticed Sigmund
  1665 | D:3      | Killed Sigmund
  1665 | D:3      | Reached skill level 4 in Axes
  1665 | D:3      | Reached XP level 6. HP: 28/47 MP: 6/6
  2063 | D:3      | Gained mutation: You are missing a hand. [Ru sacrifice]
  2063 | D:3      | Reached * piety under Ru
  2063 | D:3      | Reached ** piety under Ru
  2063 | D:3      | Reached *** piety under Ru
  2334 | D:4      | Reached skill level 5 in Axes
  2366 | D:4      | Reached XP level 7. HP: 24/52 MP: 7/7
  2931 | D:4      | Reached skill level 6 in Axes
  3137 | D:5      | Entered Level 5 of the Dungeon
  3180 | D:5      | Noticed Pikel
  3197 | D:5      | Slain by Pikel

Vault maps used:
D:1:      elethiomel_arrival_maze
D:2:      nicolae_ru_sacrificial_ziggurat, chequers_temple_overflow_minitemple,
          first_bread
D:3:      elyvilon_altar_5, minmay_misc_feat_iff, minmay_bisected, uniq_terence,
          uniq_sigmund
D:5:      st_stairs_1, uniq_pikel

Skill      XL: |  1  2  3  4  5  6  7 |
---------------+----------------------+-----
Shields        | 4 5 6 0 |  0.0
Axes           | 3 4 5 6 |  6.7
Fighting       | |  3.3
Armour         | |  3.3

Action                   |  1- 3 |  4- 6 |  7- 9 || total
-------------------------+-------+-------+-------++-------
Melee: War axe           |    83 |   140 |   104 ||   327
Invok: Sacrifice a Hand  |       |     1 |       ||     1
       Draw Out Power    |       |       |     1 ||     1
  Use: Potion            |       |     1 |       ||     1
 Stab: Invisible         |       |       |     2 ||     2
  Eat: Chunk             |       |     5 |     3 ||     8
Armor: Scale mail        |    38 |    10 |       ||    48
       Plate armour      |       |    45 |    82 ||   127
Dodge: Dodged            |    26 |    41 |    47 ||   114
Block: Shield            |    46 |    71 |       ||   117
